Kradschützen Motorcycle Team
Selects Armored Support Battlegroup
Construct Light Support Kompanie
Panzerjäger Mechanized Group
Construct Panzerarmee Kommand
Selects Flammpanzer III Medium Tank
Flammpanzer III Medium Tank
Flak 36 Anti-tank Gun Team
Flammpanzer III Medium Tank
Walking Stuka Rocket Launcher
Selects Command Panzer IV F Medium Tank
Walking Stuka Rocket Launcher
Pak 38 Anti-tank Gun Team
Pak 38 Anti-tank Gun Team
Pak 38 Anti-tank Gun Team